 Dungeon Crawl Stone Soup version 0.30-a0-618-gd6c86c23d0 (webtiles) character file.

Game seed: 11181002555203291258

199 Powssss the Covered (level 5, -1/48 HPs)
             Began as a Minotaur Fighter on Jan 10, 2023.
             Slain by Sigmund
             ... wielding a +0 scythe
              (7 damage)
             ... on level 3 of the Dungeon.
             The game lasted 00:26:55 (2808 turns).

Powssss the Covered (Minotaur Fighter)              Turns: 2808, Time: 00:26:56

Health: -1/48      AC: 11    Str: 23    XL:     5   Next: 48%
Magic:  4/4        EV:  9    Int: 11    God:
Gold:   152        SH:  0    Dex:  9    Spells: 4/4 levels left

rFire   . . .      SeeInvis .    a - +0 long sword
rCold   . . .      Faith    .    c - +0 buckler
rNeg    . . .      Spirit   .    b - +0 scale mail
rPois   .          Reflect  .    (helmet restricted)
rElec   .          Harm     .    (no cloak)
rCorr   .          Rampage  .    m - +2 pair of gloves
Will    .....                    o - +0 pair of boots Stlth
                                 (no amulet)
HPRegen 0.28/turn                f - +6 ring of intelligence
MPRegen 0.09/turn                (no ring)

@: confused
A: horns 2, retaliatory headbutt
a: no special abilities


You were on level 3 of the Dungeon.
You visited 1 branch of the dungeon, and saw 3 of its levels.

You collected 152 gold pieces.

Inventory:

Hand Weapons
 a - a +0 long sword (weapon)
Armour
 b - a +0 scale mail (worn)
 c - a +0 buckler (worn)
 e - a +1 plate armour of poison resistance
 m - a +2 pair of gloves (worn)
 o - a +0 pair of boots (worn)
Jewellery
 f - a +6 ring of intelligence (left hand)
 h - an amulet of magic regeneration
Scrolls
 i - 3 scrolls of identify
 k - a scroll of immolation
 p - a scroll of enchant armour {unknown}
Potions
 d - 3 potions of might
 g - 3 potions of heal wounds {unknown}
 j - a potion of mutation {unknown}
 l - a potion of attraction {unknown}
 n - a potion of magic {unknown}


   Skills:
 + Level 5.0 Fighting
 + Level 3.6 Long Blades
 + Level 5.0 Armour
 + Level 4.9 Shields


You had 4 spell levels left.
You didn't know any spells.
Your spell library was empty.

Dungeon Overview and Level Annotations

Branches:
Dungeon (3/15)

Altars:

Shops:
D:1 =

Annotations:
D:3 Sigmund


Innate Abilities, Weirdness & Mutations

You have a pair of horns on your head.
You reflexively headbutt those who attack you in melee.


Message History

You hit the orc.
The orc is almost dead.
The orc barely misses you.
You hit the orc.
You kill the orc!
Things that are here:
a +0 hand axe; a +0 dagger; a +0 flail Sigmund the Dreaded comes into view.
He is wielding a +0 scythe and carrying a wand of light (11).
Sigmund shouts!
Sigmund zaps a wand.
The bolt of light hits you!
Sigmund points at you and mumbles some strange words.
The puff of flame hits you.
Sigmund says, "Look into my eyes."
Sigmund points at you and mumbles some strange words.
You are confused.
Sigmund casts a spell.
Sigmund flickers and vanishes!
Deactivating autopickup; reactivate with Ctrl-A.
You're too confused to move!
You're too confused to move!
A magic dart appears from out of thin air!
The magic dart hits you but does no damage.
You feel less confused.
Something tries to affect you, but you resist.
You are confused.
You bump into the rock wall.
You hear a zap.
A bolt of light appears from out of thin air!
The bolt of light hits you!
You bump into the rock wall.
You're too confused to move!
You bump into the rock wall.
Something hits you!
* * * LOW HITPOINT WARNING * * *
You hear a zap.
A bolt of light appears from out of thin air!
The bolt of light hits you.
You are more confused.
* * * LOW HITPOINT WARNING * * *
Something hits you!
You die...

.......
##..#..######
.......
##.).#.....##
..####.
##....#.#..# ..# #
#....#.......# ....
.. #..####..#.#..#
##...
##.#.#...........##
. ..#.
........#.........#
.#....
......###.........#
#...@.........#
#####{........#
#.........#
##.......##
#.........#
#.........#
#.........#
#.........#
#.........#


There were no monsters in sight!

Vanquished Creatures
  A centaur (D:3)
  3 adders
  3 worms
  3 dart slugs (D:1)
  3 orcs (D:3)
  5 bats (D:1)
  5 endoplasms
  2 giant cockroaches
  7 goblins
  6 hobgoblins
  3 jackals (D:1)
  2 quokkas (D:1)
  11 ball pythons
  6 frilled lizards
  6 kobolds
  7 rats
73 creatures vanquished.

Notes
Turn   | Place    | Note
-------+----------+-------------------------------------------
     0 | D:1      | Powssss the Minotaur Fighter began the quest for the Orb.
     0 | D:1      | Reached XP level 1. HP: 19/19 MP: 0/0
   225 | D:1      | Reached XP level 2. HP: 27/27 MP: 1/1
   471 | D:1      | Found Paedurryum's Jewellery Boutique.
   733 | D:1      | Reached XP level 3. HP: 33/33 MP: 2/2
  1662 | D:2      | Found a faded altar of an unknown god.
  1704 | D:2      | Reached XP level 4. HP: 41/41 MP: 3/3
  2501 | D:3      | Noticed a centaur
  2523 | D:3      | Killed a centaur
  2524 | D:3      | Reached XP level 5. HP: 6/47 MP: 4/4
  2754 | D:3      | Reached skill level 5 in Fighting
  2754 | D:3      | Reached skill level 5 in Armour
  2789 | D:3      | Noticed Sigmund
  2808 | D:3      | Slain by Sigmund

Illustrated notes

Levels and vault maps discovered:
D:1:      dpeg_arrival_subterranean_lakeside_camping, layout_basic,
          serial_shops, shop
D:2:      layout_loops_corners, nicolae_ecumenical_snake_handling
D:3:      layout_rooms, serial_glass, glass_columns_c, glass_columns_b,
          glass_columns_a, glass_columns_a, uniq_sigmund

Skill      XL: |  1  2  3  4  5 |
---------------+----------------+-----
Fighting       | 4 5 |  5.0
Armour         | 4 5 |  5.0
Shields        | 4 |  4.9
Long Blades    | 3 |  3.6

Action                   |  1- 3 |  4- 6 || total
-------------------------+-------+-------++-------
Melee: Long sword        |   105 |    56 ||   161
       Headbutt          |    16 |    11 ||    27
  Use: Scroll            |     3 |     2 ||     5
Armor: Scale mail        |    54 |    27 ||    81
Dodge: Dodged            |    55 |    26 ||    81
Block: Buckler           |    27 |     9 ||    36

Table legend: (Time is in decaauts)
 A = Elapsed time spent in this place.
 B = Non-inter-level travel time spent in this place.
 C = Inter-level travel time spent in this place.
 D = Time resting spent in this place.
 E = Time spent auto-exploring this place.
 F = Levels seen in this place.
 G = Mean time per level.
                   A        B        C        D        E       F      G
               +--------+--------+--------+--------+--------+-----+--------+
         Total |   2859 |   2853 |      6 |    308 |   1145 |   3 |  953.0 |
       Dungeon |   2859 |   2853 |      6 |    308 |   1145 |   3 |  953.0 |
               +--------+--------+--------+--------+--------+-----+--------+

Top non-repeatable levels by time:
     D:1: 1386 daAuts
     D:2: 1062 daAuts
     D:3: 410 daAuts
